Oilers vs Golden Knights
Created - May 14, 2022 at 20:02
Goals
|
| Oilers |
1 |
0 |
1 |
2 |
| Golden Knights |
2 |
0 |
1 |
3 |
|
Shots
|
| Oilers |
8 |
8 |
5 |
21 |
| Golden Knights |
10 |
13 |
13 |
36 |
|
1st period
1. Golden Knights , Andrei Loktionov 32 (Nathan Horton 10, Zach Bogosian 46) at 2:55 (PP)
2. Golden Knights , Martin Hanzal 10 (Tom Wilson 11, Zach Bogosian 47) at 10:05
3. Oilers , Leon Draisaitl 12 (Cam Barker 20) at 15:15
Penalties :
Ted Purcell (Edm) for Holding (Minor) at 1:25, Tobias Enstrom (Edm) for Hooking (Minor) at 10:08, Zach Bogosian (Veg) for Hooking (Minor) at 19:06
2nd period
No Goal
Penalties :
Thomas Vanek (Veg) for Holding Stick (Minor) at 2:52, Yanni Gourde (Edm) for Hooking (Minor) at 11:51, Jake Gardiner (Edm) for High sticking (Minor) at 17:10
3rd period
4. Oilers , Tyler Toffoli 22 (Jake Gardiner 25, Leon Draisaitl 23) at 2:17 (PP)
5. Golden Knights , Luke Glendening 8 (Thomas Vanek 7, Danny DeKeiser 14) at 12:13
Penalties :
Danny DeKeiser (Veg) for Tripping (Minor) at 2:07, Ryan Nugent-Hopkins (Edm) for Roughing (Minor) at 5:13, Nathan Horton (Veg) for Hooking (Minor) at 17:25
Goalie Stats
James Reimer (Edm), 33 saves from 36 shots - (0.917), L, 28-20-7, 60:00 minutes
Ondrej Pavelec (Veg), 19 saves from 21 shots - (0.905), W, 21-23-7, 60:00 minutes
Players Stats for Oilers
Player Name G A P +/- PIM S H SB GA TA FO MP PP MP PK MP
------------------------------------------------------------------------------------
Alex Galchenyuk 0 0 0 0 0 2 3 0 0 0 0/1 18:38 2:25 4:03
Cam Barker 0 1 1 0 0 1 0 4 0 0 0/0 19:55 2:30 3:27
Connor McDavid 0 0 0 -1 0 4 2 0 0 0 14/32 24:24 3:42 4:03
Darnell Nurse 0 0 0 -2 0 2 0 2 0 0 0/0 22:35 0:00 5:25
Duncan Keith 0 0 0 1 0 0 0 1 0 1 0/0 12:25 0:00 0:48
Dustin Brown 0 0 0 0 0 0 0 0 0 0 0/0 7:41 0:00 0:00
Evander Kane 0 0 0 -1 0 0 0 0 0 0 0/0 19:10 2:25 0:00
Jake Gardiner 0 1 1 -2 2 2 1 0 0 1 0/0 26:58 3:37 3:25
Jussi Jokinen 0 0 0 -1 0 2 1 3 0 0 1/2 20:26 0:00 4:07
Leon Draisaitl 1 1 2 0 0 4 0 0 0 1 1/1 13:03 3:42 1:04
Maxim Lapierre 0 0 0 0 0 0 0 1 0 0 3/5 10:28 0:00 2:14
Nail Yakupov 0 0 0 0 0 0 1 0 0 0 0/0 8:14 0:00 0:00
Rasmus Ristolainen 0 0 0 0 0 1 1 1 1 0 0/0 22:31 3:37 4:31
Ryan Nugent-Hopkins 0 0 0 0 2 1 2 1 0 1 6/11 16:33 2:25 2:07
Ted Purcell 0 0 0 0 2 0 0 0 0 0 0/0 7:52 0:00 0:12
Tobias Enstrom 0 0 0 1 2 0 0 0 1 0 0/0 16:33 2:30 1:30
Tyler Toffoli 1 0 1 0 0 2 1 0 0 0 0/1 14:44 3:42 0:00
Yanni Gourde 0 0 0 0 2 0 1 1 0 0 4/4 8:19 0:00 0:48
Players Stats for Golden Knights
Player Name G A P +/- PIM S H SB GA TA FO MP PP MP PK MP
------------------------------------------------------------------------------------
Andrei Loktionov 1 0 1 0 0 5 0 1 0 0 17/30 25:20 3:45 4:13
Andrew Cogliano 0 0 0 0 0 2 1 1 1 0 1/2 23:48 3:38 4:13
Chris Tierney 0 0 0 0 0 1 2 0 1 0 0/4 13:52 1:16 0:02
Damien Brunner 0 0 0 0 0 0 1 0 0 1 0/2 16:28 4:34 0:00
Danny DeKeiser 0 1 1 1 2 0 0 0 0 0 0/0 20:28 4:32 1:58
Eric Gryba 0 0 0 1 0 1 1 5 0 0 0/0 20:27 4:30 1:58
Jamie Oleksiak 0 0 0 0 0 1 0 0 0 0 0/0 3:34 0:45 0:00
Kellan Lain 0 0 0 0 0 0 0 0 0 0 0/0 18:43 4:31 1:52
Luke Glendening 1 0 1 0 0 2 0 0 0 1 1/2 13:11 0:04 0:35
Martin Hanzal 1 0 1 1 0 2 0 0 1 0 0/2 5:23 0:04 0:00
Mathew Dumba 0 0 0 1 0 1 1 1 0 0 0/0 26:03 4:13 4:09
Matt Stajan 0 0 0 0 0 5 1 0 0 0 7/12 17:53 4:34 1:19
Nathan Horton 0 1 1 0 2 3 2 0 1 0 1/2 19:01 3:38 0:00
Olli Maatta 0 0 0 -1 0 2 1 0 0 0 0/0 12:09 0:00 1:39
Thomas Vanek 0 1 1 1 2 4 2 0 0 0 1/1 14:03 1:19 0:00
Tom Wilson 0 1 1 1 0 1 0 0 0 0 0/0 5:33 0:51 0:00
Vladimir Mihalik 0 0 0 -1 0 0 0 1 0 0 0/0 11:13 0:43 0:00
Zach Bogosian 0 2 2 1 2 6 3 2 0 0 0/0 26:40 4:13 2:30
3 Stars
1 - Zach Bogosian (Veg)
2 - Leon Draisaitl (Edm)
3 - Martin Hanzal (Veg)
Power Play
Oilers - 1 on 4 Attempt(s) - 25.00%
Golden Knights - 1 on 5 Attempt(s) - 20.00%
Penalty Kill
Oilers - 4 on 5 Attempt(s) - 80.00%
- Score 0 goal in Penalty Kill
Golden Knights - 3 on 4 Attempt(s) - 75.00%
- Score 0 goal in Penalty Kill
Team Stat
Oilers - Hits : 13 - Faceoff Wins : 29 - Blocked Shots : 14 - Penalty Minutes : 10
Golden Knights - Hits : 15 - Faceoff Wins : 28 - Blocked Shots : 11 - Penalty Minutes : 8
Official
Referees : Michael Markovic and Mitch Dunning
Linesman : James Tobias and Jesse Marquis
Game Notes
No Game Note
Finance
Level 1 -- Attendance: 6000 (100.00%) -- Ticket Income $600,000
Level 2 -- Attendance: 4643 (92.86%) -- Ticket Income $278,580
Level 3 -- Attendance: 2000 (100.00%) -- Ticket Income $70,000
Level 4 -- Attendance: 3521 (88.03%) -- Ticket Income $88,025
Luxury Box -- Attendance: 1000 (100.00%) -- Ticket Income $200,000
Game was played at the T-Mobile Arena.
Total Attendance: 17164 (95.36%)
Total Ticket Income: $1,236,605
Other Income: $185,491
Total Income: $1,422,096
Oilers
5 vs 5 Forward
Center Left Wing Right Wing Time % Phy DF OF
1 Connor McDavid Jussi Jokinen Evander Kane 40 1 2 2
2 Ryan Nugent-Hopkins Alex Galchenyuk Tyler Toffoli 30 1 2 2
3 Maxim Lapierre Leon Draisaitl Nail Yakupov 20 1 2 2
4 Yanni Gourde Ted Purcell Dustin Brown 10 1 2 2
5 vs 5 Defense
Defense Defense Time % Phy DF OF
1 Jake Gardiner Darnell Nurse 40 1 2 2
2 Rasmus Ristolainen Cam Barker 30 1 2 2
3 Tobias Enstrom Duncan Keith 20 1 2 2
4 Jake Gardiner Tobias Enstrom 10 1 2 2
PowerPlay Forward
Center Left Wing Right Wing Time % Phy DF OF
1 Connor McDavid Leon Draisaitl Tyler Toffoli 60 1 2 2
2 Ryan Nugent-Hopkins Alex Galchenyuk Evander Kane 40 1 2 2
PowerPlay Defense
Defense Defense Time % Phy DF OF
1 Jake Gardiner Rasmus Ristolainen 60 1 2 2
2 Tobias Enstrom Cam Barker 40 1 2 2
Penalty Kill 4 Players Forward
Center Wing Time % Phy DF OF
1 Connor McDavid Jussi Jokinen 60 1 2 2
2 Ryan Nugent-Hopkins Alex Galchenyuk 40 1 2 2
Penalty Kill 4 Players Defense
Defense Defense Time % Phy DF OF
1 Jake Gardiner Darnell Nurse 60 1 2 2
2 Cam Barker Rasmus Ristolainen 40 1 2 2
Penalty Kill - 3 Players Forward
Forward Time % Phy DF OF
1 Connor McDavid 60 1 2 2
2 Ryan Nugent-Hopkins 40 1 2 2
Penalty Kill - 3 Players Defense
Defense Defense Time % Phy DF OF
1 Jake Gardiner Cam Barker 60 1 2 2
2 Darnell Nurse Rasmus Ristolainen 40 1 2 2
4 vs 4 Forward
Center Wing Time % Phy DF OF
1 Connor McDavid Alex Galchenyuk 60 1 2 2
2 Ryan Nugent-Hopkins Jussi Jokinen 40 1 2 2
4 vs 4 Defense
Defense Defense Time % Phy DF OF
1 Jake Gardiner Cam Barker 60 1 2 2
2 Darnell Nurse Rasmus Ristolainen 40 1 2 2
Last Minutes Offensive
Center Left Wing Right Wing Defense Defense
Connor McDavid Alex Galchenyuk Evander Kane Jake Gardiner Cam Barker
Last Minutes Defensive
Center Left Wing Right Wing Defense Defense
Connor McDavid Alex Galchenyuk Evander Kane Jake Gardiner Cam Barker
Goaltenders
Starting : James Reimer
Backup : Jonas Hiller
Extra Forwards
Normal : Connor McDavid, Leon Draisaitl, Ryan Nugent-Hopkins - PP : Connor McDavid, Leon Draisaitl - PK : Connor McDavid
Extra Defensemen
Normal : Rasmus Ristolainen, Tobias Enstrom, Duncan Keith - PP : Rasmus Ristolainen - PK : Rasmus Ristolainen, Tobias Enstrom
Penalty Shots
Evander Kane, Alex Galchenyuk, Tyler Toffoli, Jussi Jokinen, Connor McDavid
Scratches
Andy Rogers (Healthy), Jordan Caron (Healthy)
Golden Knights
5 vs 5 Forward
Center Left Wing Right Wing Time % Phy DF OF
1 Andrei Loktionov Andrew Cogliano Nathan Horton 40 1 2 2
2 Matt Stajan Kellan Lain Damien Brunner 30 1 2 2
3 Chris Tierney Thomas Vanek Luke Glendening 20 1 2 2
4 Martin Hanzal Andrei Loktionov Tom Wilson 10 1 2 2
5 vs 5 Defense
Defense Defense Time % Phy DF OF
1 Zach Bogosian Mathew Dumba 40 1 2 2
2 Danny DeKeiser Eric Gryba 30 1 2 2
3 Vladimir Mihalik Olli Maatta 20 1 2 2
4 Jamie Oleksiak Zach Bogosian 10 1 2 2
PowerPlay Forward
Center Left Wing Right Wing Time % Phy DF OF
1 Andrei Loktionov Andrew Cogliano Nathan Horton 60 1 2 2
2 Matt Stajan Kellan Lain Damien Brunner 40 1 2 2
PowerPlay Defense
Defense Defense Time % Phy DF OF
1 Zach Bogosian Mathew Dumba 60 1 2 2
2 Danny DeKeiser Eric Gryba 40 1 2 2
Penalty Kill 4 Players Forward
Center Wing Time % Phy DF OF
1 Andrei Loktionov Andrew Cogliano 60 1 2 2
2 Matt Stajan Kellan Lain 40 1 2 2
Penalty Kill 4 Players Defense
Defense Defense Time % Phy DF OF
1 Zach Bogosian Mathew Dumba 60 1 2 2
2 Danny DeKeiser Eric Gryba 40 1 2 2
Penalty Kill - 3 Players Forward
Forward Time % Phy DF OF
1 Andrei Loktionov 60 1 2 2
2 Andrew Cogliano 40 1 2 2
Penalty Kill - 3 Players Defense
Defense Defense Time % Phy DF OF
1 Zach Bogosian Mathew Dumba 60 1 2 2
2 Danny DeKeiser Eric Gryba 40 1 2 2
4 vs 4 Forward
Center Wing Time % Phy DF OF
1 Andrei Loktionov Andrew Cogliano 60 1 2 2
2 Matt Stajan Kellan Lain 40 1 2 2
4 vs 4 Defense
Defense Defense Time % Phy DF OF
1 Zach Bogosian Mathew Dumba 60 1 2 2
2 Danny DeKeiser Eric Gryba 40 1 2 2
Last Minutes Offensive
Center Left Wing Right Wing Defense Defense
Andrei Loktionov Andrew Cogliano Nathan Horton Zach Bogosian Mathew Dumba
Last Minutes Defensive
Center Left Wing Right Wing Defense Defense
Andrei Loktionov Andrew Cogliano Nathan Horton Zach Bogosian Mathew Dumba
Goaltenders
Starting : Ondrej Pavelec
Backup : Matt Hackett
Extra Forwards
Normal : Thomas Vanek, Chris Tierney, Luke Glendening - PP : Thomas Vanek, Chris Tierney - PK : Luke Glendening
Extra Defensemen
Normal : Vladimir Mihalik, Olli Maatta, Jamie Oleksiak - PP : Vladimir Mihalik - PK : Olli Maatta, Jamie Oleksiak
Penalty Shots
Andrei Loktionov, Andrew Cogliano, Matt Stajan, Kellan Lain, Thomas Vanek
Scratches
Michael Raffl (Healthy), Shawn Matthias (Healthy)
% Time on Ice - Oilers
Lines # - Real PCT - Wanted PCT - Time Play
Normal Forward
1 - 37% - 40% - 16:09
2 - 27% - 30% - 11:53
3 - 19% - 20% - 8:14
4 - 17% - 10% - 7:41
Normal Defense
1 - 42% - 40% - 18:19
2 - 31% - 30% - 13:28
3 - 26% - 20% - 11:28
4 - 2% - 10% - 0:42
PP Forward
1 - 60% - 60% - 3:42
2 - 40% - 40% - 2:25
PP Defense
1 - 59% - 60% - 3:37
2 - 41% - 40% - 2:30
PK Forward
1 - 57% - 60% - 5:20
2 - 43% - 40% - 4:06
PK Defense
1 - 57% - 60% - 5:23
2 - 43% - 40% - 4:03
PK3 Forward
1 - 0% - 60%
2 - 0% - 40%
PK3 Defense
1 - 0% - 60%
2 - 0% - 40%
44 Forward
1 - 0% - 60%
2 - 0% - 40%
44 Defense
1 - 0% - 60%
2 - 0% - 40%
Last Minute Offensive - 0:30
Last Minute Defensive - 0:00
Total
Forward - 60:00
Defense - 60:00
|
% Time on Ice - Golden Knights
Lines # - Real PCT - Wanted PCT - Time Play
Normal Forward
1 - 35% - 40% - 15:20
2 - 28% - 30% - 12:08
3 - 27% - 20% - 11:48
4 - 11% - 10% - 4:42
Normal Defense
1 - 38% - 40% - 16:48
2 - 32% - 30% - 13:59
3 - 24% - 20% - 10:30
4 - 6% - 10% - 2:41
PP Forward
1 - 42% - 60% - 3:57
2 - 58% - 40% - 5:29
PP Defense
1 - 45% - 60% - 4:13
2 - 55% - 40% - 5:13
PK Forward
1 - 78% - 60% - 4:48
2 - 22% - 40% - 1:19
PK Defense
1 - 68% - 60% - 4:09
2 - 32% - 40% - 1:58
PK3 Forward
1 - 0% - 60%
2 - 0% - 40%
PK3 Defense
1 - 0% - 60%
2 - 0% - 40%
44 Forward
1 - 0% - 60%
2 - 0% - 40%
44 Defense
1 - 0% - 60%
2 - 0% - 40%
Last Minute Offensive - 0:00
Last Minute Defensive - 0:29
Total
Forward - 60:00
Defense - 60:00
|
Play-by-Play
1st period
0:01 of 1st period - Andrei Loktionov wins face-off versus Connor McDavid in neutral zone.
0:55 of 1st period - Snap shot by Matt Stajan.
0:55 of 1st period - Stopped by James Reimer with a rebound.
0:57 of 1st period - Wrist shot by Matt Stajan.
0:57 of 1st period - Shot Misses the Net.
0:59 of 1st period - Slapshot by Mathew Dumba.
0:59 of 1st period - Shot Blocked by Cam Barker.
1:01 of 1st period - Snap shot by Zach Bogosian.
1:01 of 1st period - Stopped by James Reimer without a rebound.
1:02 of 1st period - Yanni Gourde wins face-off versus Chris Tierney in Oilers zone.
1:25 of 1st period - Minor Penalty to Ted Purcell for Holding.
1:26 of 1st period - Andrei Loktionov wins face-off versus Connor McDavid in Oilers zone.
1:33 of 1st period - Wrist shot by Andrei Loktionov.
1:33 of 1st period - Deflect By Jake Gardiner.
1:33 of 1st period - Stopped by James Reimer with a rebound.
2:31 of 1st period - Snap shot by Alex Galchenyuk.
2:31 of 1st period - Deflect By Ryan Nugent-Hopkins.
2:31 of 1st period - Shot Blocked by Eric Gryba.
2:31 of 1st period - Puck is out of play.
2:32 of 1st period - Ryan Nugent-Hopkins wins face-off versus Andrei Loktionov in Golden Knights zone.
2:37 of 1st period - Slapshot by Alex Galchenyuk.
2:37 of 1st period - Stopped by Ondrej Pavelec without a rebound.
2:38 of 1st period - Ryan Nugent-Hopkins wins face-off versus Andrei Loktionov in Golden Knights zone.
2:51 of 1st period - Slapshot by Nathan Horton.
2:51 of 1st period - Shot Blocked by Ryan Nugent-Hopkins.
2:55 of 1st period - Wrist shot by Andrei Loktionov.
2:55 of 1st period - Goal by Andrei Loktionov - Oilers : 0 - Golden Knights : 1.
2:56 of 1st period - Connor McDavid wins face-off versus Matt Stajan in neutral zone.
3:25 of 1st period - Alex Galchenyuk is hit by Nathan Horton and loses puck.
3:32 of 1st period - Slapshot by Cam Barker.
3:32 of 1st period - Stopped by Ondrej Pavelec without a rebound.
3:33 of 1st period - Andrei Loktionov wins face-off versus Connor McDavid in Golden Knights zone.
3:39 of 1st period - Off-side.
3:40 of 1st period - Connor McDavid wins face-off versus Andrei Loktionov in neutral zone.
3:51 of 1st period - Snap shot by Jussi Jokinen.
3:51 of 1st period - Shot Misses the Net.
3:53 of 1st period - Snap shot by Connor McDavid.
3:53 of 1st period - Shot Blocked by Eric Gryba.
3:55 of 1st period - Slapshot by Jake Gardiner.
3:55 of 1st period - Deflect By Danny DeKeiser.
3:55 of 1st period - Stopped by Ondrej Pavelec without a rebound.
3:56 of 1st period - Matt Stajan wins face-off versus Ryan Nugent-Hopkins in Golden Knights zone.
3:56 of 1st period - Matt Stajan is hit by Tyler Toffoli.
5:27 of 1st period - Snap shot by Nathan Horton.
5:27 of 1st period - Stopped by James Reimer with a rebound.
5:57 of 1st period - Icing by Olli Maatta.
5:58 of 1st period - Matt Stajan wins face-off versus Maxim Lapierre in Golden Knights zone.
6:11 of 1st period - Slapshot by Rasmus Ristolainen.
6:11 of 1st period - Shot Blocked by Vladimir Mihalik.
6:28 of 1st period - Wrist shot by Connor McDavid.
6:28 of 1st period - Stopped by Ondrej Pavelec without a rebound.
6:29 of 1st period - Ryan Nugent-Hopkins wins face-off versus Damien Brunner in Golden Knights zone.
6:56 of 1st period - Duncan Keith is hit by Zach Bogosian and loses puck.
7:25 of 1st period - Wrist shot by Thomas Vanek.
7:25 of 1st period - Shot Blocked by Maxim Lapierre.
8:44 of 1st period - Rasmus Ristolainen is hit by Andrew Cogliano and loses puck.
10:01 of 1st period - Slapshot by Tom Wilson.
10:01 of 1st period - Stopped by James Reimer with a rebound.
10:03 of 1st period - Snap shot by Martin Hanzal.
10:03 of 1st period - Shot Blocked by Darnell Nurse.
10:05 of 1st period - Wrist shot by Martin Hanzal.
10:05 of 1st period - Goal by Martin Hanzal - Oilers : 0 - Golden Knights : 2.
10:06 of 1st period - Connor McDavid wins face-off versus Andrei Loktionov in neutral zone.
10:08 of 1st period - Minor Penalty to Tobias Enstrom for Hooking.
10:09 of 1st period - Connor McDavid wins face-off versus Andrew Cogliano in Oilers zone.
11:37 of 1st period - Jake Gardiner is hit by Zach Bogosian and loses puck.
12:08 of 1st period - Penalty to Tobias Enstrom is over, Tobias Enstrom is back on ice.
13:15 of 1st period - Tobias Enstrom is hit by Zach Bogosian and loses puck.
14:05 of 1st period - Darnell Nurse is hit by Thomas Vanek and loses puck.
15:11 of 1st period - Vladimir Mihalik is hit by Nail Yakupov.
15:15 of 1st period - Snap shot by Leon Draisaitl.
15:15 of 1st period - Goal by Leon Draisaitl - Oilers : 1 - Golden Knights : 2.
15:16 of 1st period - Andrei Loktionov wins face-off versus Connor McDavid in neutral zone.
15:23 of 1st period - Snap shot by Andrew Cogliano.
15:23 of 1st period - Stopped by James Reimer with a rebound.
15:44 of 1st period - Slapshot by Thomas Vanek.
15:44 of 1st period - Stopped by James Reimer without a rebound.
15:45 of 1st period - Luke Glendening wins face-off versus Ryan Nugent-Hopkins in Oilers zone.
15:48 of 1st period - Wrist shot by Thomas Vanek.
15:48 of 1st period - Stopped by James Reimer with a rebound.
16:00 of 1st period - Wrist shot by Thomas Vanek.
16:00 of 1st period - Shot Blocked by Cam Barker.
16:38 of 1st period - Snap shot by Evander Kane.
16:38 of 1st period - Shot Misses the Net.
17:40 of 1st period - Snap shot by Leon Draisaitl.
17:40 of 1st period - Stopped by Ondrej Pavelec without a rebound.
17:41 of 1st period - Matt Stajan wins face-off versus Connor McDavid in Golden Knights zone.
17:54 of 1st period - Damien Brunner is hit by Connor McDavid and loses puck.
18:07 of 1st period - Alex Galchenyuk is hit by Chris Tierney.
19:06 of 1st period - Minor Penalty to Zach Bogosian for Hooking.
19:07 of 1st period - Andrei Loktionov wins face-off versus Connor McDavid in Golden Knights zone.
19:20 of 1st period - Slapshot by Rasmus Ristolainen.
19:20 of 1st period - Shot Misses the Net.
19:22 of 1st period - Slapshot by Jake Gardiner.
19:22 of 1st period - Stopped by Ondrej Pavelec with a rebound.
19:24 of 1st period - Snap shot by Rasmus Ristolainen.
19:24 of 1st period - Stopped by Ondrej Pavelec without a rebound.
19:25 of 1st period - Andrei Loktionov wins face-off versus Ryan Nugent-Hopkins in Golden Knights zone.
19:57 of 1st period - Snap shot by Leon Draisaitl.
19:57 of 1st period - Shot Misses the Net.
19:59 of 1st period - Snap shot by Connor McDavid.
19:59 of 1st period - Shot Blocked by Mathew Dumba.
Goals for this period are 1 for Oilers vs 2 for Golden Knights.
Shots for this period are 8 for Oilers vs 10 for Golden Knights.
2nd period
0:01 of 2nd period - Leon Draisaitl wins face-off versus Andrei Loktionov in neutral zone.
1:06 of 2nd period - Penalty to Zach Bogosian is over, Zach Bogosian is back on ice.
1:23 of 2nd period - Snap shot by Damien Brunner.
1:23 of 2nd period - Shot Misses the Net.
1:46 of 2nd period - Snap shot by Thomas Vanek.
1:46 of 2nd period - Stopped by James Reimer with a rebound.
1:48 of 2nd period - Slapshot by Jamie Oleksiak.
1:48 of 2nd period - Stopped by James Reimer without a rebound.
1:49 of 2nd period - Andrei Loktionov wins face-off versus Connor McDavid in Oilers zone.
1:52 of 2nd period - Slapshot by Andrei Loktionov.
1:52 of 2nd period - Shot Misses the Net.
1:54 of 2nd period - Slapshot by Mathew Dumba.
1:54 of 2nd period - Deflect By Andrew Cogliano.
1:54 of 2nd period - Stopped by James Reimer with a rebound.
1:56 of 2nd period - Snap shot by Zach Bogosian.
1:56 of 2nd period - Shot Blocked by Jussi Jokinen.
1:58 of 2nd period - Slapshot by Zach Bogosian.
1:58 of 2nd period - Shot Blocked by Duncan Keith.
2:00 of 2nd period - Snap shot by Nathan Horton.
2:00 of 2nd period - Stopped by James Reimer without a rebound.
2:01 of 2nd period - Andrew Cogliano wins face-off versus Connor McDavid in Oilers zone.
2:31 of 2nd period - Slapshot by Eric Gryba.
2:31 of 2nd period - Stopped by James Reimer with a rebound.
2:47 of 2nd period - Backhand shot by Ryan Nugent-Hopkins.
2:47 of 2nd period - Stopped by Ondrej Pavelec with a rebound.
2:52 of 2nd period - Minor Penalty to Thomas Vanek for Holding Stick.
2:53 of 2nd period - Connor McDavid wins face-off versus Andrei Loktionov in Golden Knights zone.
2:53 of 2nd period - Slapshot by Rasmus Ristolainen.
2:53 of 2nd period - Deflect By Tyler Toffoli.
2:53 of 2nd period - Stopped by Ondrej Pavelec with a rebound.
2:55 of 2nd period - Snap shot by Leon Draisaitl.
2:55 of 2nd period - Shot Blocked by Andrei Loktionov.
2:57 of 2nd period - Wrist shot by Connor McDavid.
2:57 of 2nd period - Stopped by Ondrej Pavelec with a rebound.
2:59 of 2nd period - Slapshot by Rasmus Ristolainen.
2:59 of 2nd period - Shot Blocked by Andrew Cogliano.
3:08 of 2nd period - Off-side.
3:09 of 2nd period - Connor McDavid wins face-off versus Andrei Loktionov in neutral zone.
3:42 of 2nd period - Wrist shot by Alex Galchenyuk.
3:42 of 2nd period - Shot Hit the Post.
4:16 of 2nd period - Connor McDavid is hit by Eric Gryba and loses puck.
4:52 of 2nd period - Penalty to Thomas Vanek is over, Thomas Vanek is back on ice.
5:00 of 2nd period - Eric Gryba is hit by Yanni Gourde and loses puck.
5:07 of 2nd period - Thomas Vanek is hit by Jake Gardiner and loses puck.
5:24 of 2nd period - Slapshot by Matt Stajan.
5:24 of 2nd period - Stopped by James Reimer with a rebound.
5:48 of 2nd period - Jussi Jokinen is hit by Olli Maatta and loses puck.
6:17 of 2nd period - Slapshot by Darnell Nurse.
6:17 of 2nd period - Stopped by Ondrej Pavelec without a rebound.
6:18 of 2nd period - Yanni Gourde wins face-off versus Martin Hanzal in Golden Knights zone.
6:27 of 2nd period - Snap shot by Andrew Cogliano.
6:27 of 2nd period - Shot Blocked by Cam Barker.
7:03 of 2nd period - Snap shot by Connor McDavid.
7:03 of 2nd period - Stopped by Ondrej Pavelec without a rebound.
7:04 of 2nd period - Nathan Horton wins face-off versus Connor McDavid in Golden Knights zone.
9:06 of 2nd period - Slapshot by Zach Bogosian.
9:06 of 2nd period - Stopped by James Reimer without a rebound.
9:07 of 2nd period - Andrei Loktionov wins face-off versus Ryan Nugent-Hopkins in Oilers zone.
10:41 of 2nd period - Slapshot by Alex Galchenyuk.
10:41 of 2nd period - Stopped by Ondrej Pavelec without a rebound.
10:42 of 2nd period - Matt Stajan wins face-off versus Maxim Lapierre in Golden Knights zone.
11:51 of 2nd period - Minor Penalty to Yanni Gourde for Hooking.
11:52 of 2nd period - Connor McDavid wins face-off versus Matt Stajan in Oilers zone.
12:01 of 2nd period - Snap shot by Zach Bogosian.
12:01 of 2nd period - Stopped by James Reimer with a rebound.
12:03 of 2nd period - Slapshot by Eric Gryba.
12:03 of 2nd period - Shot Hit the Post.
13:51 of 2nd period - Penalty to Yanni Gourde is over, Yanni Gourde is back on ice.
14:03 of 2nd period - Slapshot by Zach Bogosian.
14:03 of 2nd period - Deflect By Martin Hanzal.
14:03 of 2nd period - Stopped by James Reimer with a rebound.
14:05 of 2nd period - Slapshot by Mathew Dumba.
14:05 of 2nd period - Shot Blocked by Yanni Gourde.
14:07 of 2nd period - Slapshot by Zach Bogosian.
14:07 of 2nd period - Stopped by James Reimer without a rebound.
14:08 of 2nd period - Yanni Gourde wins face-off versus Chris Tierney in Oilers zone.
14:33 of 2nd period - Maxim Lapierre is hit by Matt Stajan and loses puck.
14:56 of 2nd period - Vladimir Mihalik is hit by Alex Galchenyuk and loses puck.
15:38 of 2nd period - Icing by Chris Tierney.
15:39 of 2nd period - Ryan Nugent-Hopkins wins face-off versus Chris Tierney in Golden Knights zone.
16:10 of 2nd period - Snap shot by Connor McDavid.
16:10 of 2nd period - Stopped by Ondrej Pavelec without a rebound.
16:11 of 2nd period - Connor McDavid wins face-off versus Damien Brunner in Golden Knights zone.
16:26 of 2nd period - Snap shot by Connor McDavid.
16:26 of 2nd period - Shot Misses the Net.
16:32 of 2nd period - Tobias Enstrom is hit by Damien Brunner and loses puck.
16:55 of 2nd period - Slapshot by Matt Stajan.
16:55 of 2nd period - Stopped by James Reimer with a rebound.
16:57 of 2nd period - Slapshot by Olli Maatta.
16:57 of 2nd period - Shot Misses the Net.
16:59 of 2nd period - Wrist shot by Matt Stajan.
16:59 of 2nd period - Stopped by James Reimer without a rebound.
17:00 of 2nd period - Andrei Loktionov wins face-off versus Tyler Toffoli in Oilers zone.
17:10 of 2nd period - Minor Penalty to Jake Gardiner for High sticking.
17:11 of 2nd period - Connor McDavid wins face-off versus Andrei Loktionov in Oilers zone.
17:33 of 2nd period - Icing by Zach Bogosian.
17:34 of 2nd period - Andrei Loktionov wins face-off versus Alex Galchenyuk in Golden Knights zone.
18:14 of 2nd period - Slapshot by Zach Bogosian.
18:14 of 2nd period - Deflect By Alex Galchenyuk.
18:14 of 2nd period - Stopped by James Reimer without a rebound.
18:15 of 2nd period - Connor McDavid wins face-off versus Matt Stajan in Oilers zone.
18:24 of 2nd period - Wrist shot by Jussi Jokinen.
18:24 of 2nd period - Stopped by Ondrej Pavelec without a rebound.
18:25 of 2nd period - Matt Stajan wins face-off versus Connor McDavid in Golden Knights zone.
18:36 of 2nd period - Kellan Lain is hit by Connor McDavid and loses puck.
19:10 of 2nd period - Penalty to Jake Gardiner is over, Jake Gardiner is back on ice.
19:32 of 2nd period - Ryan Nugent-Hopkins is hit by Thomas Vanek and loses puck.
19:50 of 2nd period - Icing by Ryan Nugent-Hopkins.
19:51 of 2nd period - Ryan Nugent-Hopkins wins face-off versus Martin Hanzal in Oilers zone.
19:51 of 2nd period - Ryan Nugent-Hopkins is hit by Mathew Dumba.
Goals for this period are 0 for Oilers vs 0 for Golden Knights.
Shots for this period are 8 for Oilers vs 13 for Golden Knights.
3rd period
0:01 of 3rd period - Andrei Loktionov wins face-off versus Connor McDavid in neutral zone.
0:12 of 3rd period - Slapshot by Zach Bogosian.
0:12 of 3rd period - Deflect By Jake Gardiner.
0:12 of 3rd period - Stopped by James Reimer without a rebound.
0:13 of 3rd period - Andrei Loktionov wins face-off versus Connor McDavid in Oilers zone.
0:20 of 3rd period - Jake Gardiner is hit by Nathan Horton and loses puck.
0:27 of 3rd period - Snap shot by Andrew Cogliano.
0:27 of 3rd period - Shot Misses the Net.
1:03 of 3rd period - Cam Barker is hit by Chris Tierney and loses puck.
1:10 of 3rd period - Snap shot by Chris Tierney.
1:10 of 3rd period - Stopped by James Reimer without a rebound.
1:11 of 3rd period - Andrei Loktionov wins face-off versus Connor McDavid in Oilers zone.
1:14 of 3rd period - Snap shot by Andrei Loktionov.
1:14 of 3rd period - Shot Blocked by Jussi Jokinen.
1:16 of 3rd period - Slapshot by Olli Maatta.
1:16 of 3rd period - Stopped by James Reimer without a rebound.
1:17 of 3rd period - Andrei Loktionov wins face-off versus Jussi Jokinen in Oilers zone.
1:24 of 3rd period - Wrist shot by Andrew Cogliano.
1:24 of 3rd period - Shot Misses the Net.
1:26 of 3rd period - Slapshot by Mathew Dumba.
1:26 of 3rd period - Shot Blocked by Jussi Jokinen.
1:28 of 3rd period - Slapshot by Zach Bogosian.
1:28 of 3rd period - Deflect By Andrei Loktionov.
1:28 of 3rd period - Stopped by James Reimer with a rebound.
1:30 of 3rd period - Slapshot by Zach Bogosian.
1:30 of 3rd period - Shot Blocked by Cam Barker.
2:07 of 3rd period - Minor Penalty to Danny DeKeiser for Tripping.
2:08 of 3rd period - Connor McDavid wins face-off versus Andrei Loktionov in Golden Knights zone.
2:13 of 3rd period - Wrist shot by Leon Draisaitl.
2:13 of 3rd period - Stopped by Ondrej Pavelec with a rebound.
2:15 of 3rd period - Slapshot by Jake Gardiner.
2:15 of 3rd period - Shot Blocked by Zach Bogosian.
2:17 of 3rd period - Wrist shot by Tyler Toffoli.
2:17 of 3rd period - Goal by Tyler Toffoli - Oilers : 2 - Golden Knights : 2.
2:18 of 3rd period - Andrei Loktionov wins face-off versus Connor McDavid in neutral zone.
2:27 of 3rd period - Wrist shot by Andrei Loktionov.
2:27 of 3rd period - Stopped by James Reimer without a rebound.
2:28 of 3rd period - Andrei Loktionov wins face-off versus Connor McDavid in Oilers zone.
2:41 of 3rd period - Slapshot by Jake Gardiner.
2:41 of 3rd period - Shot Blocked by Zach Bogosian.
2:51 of 3rd period - Slapshot by Andrew Cogliano.
2:51 of 3rd period - Shot Blocked by Darnell Nurse.
2:53 of 3rd period - Slapshot by Mathew Dumba.
2:53 of 3rd period - Shot Misses the Net.
2:55 of 3rd period - Slapshot by Andrew Cogliano.
2:55 of 3rd period - Shot Misses the Net.
2:57 of 3rd period - Slapshot by Zach Bogosian.
2:57 of 3rd period - Shot Misses the Net.
3:30 of 3rd period - Backhand shot by Evander Kane.
3:30 of 3rd period - Shot Misses the Net.
4:35 of 3rd period - Wrist shot by Nathan Horton.
4:35 of 3rd period - Stopped by James Reimer with a rebound.
4:53 of 3rd period - Wrist shot by Andrei Loktionov.
4:53 of 3rd period - Stopped by James Reimer with a rebound.
4:55 of 3rd period - Slapshot by Mathew Dumba.
4:55 of 3rd period - Stopped by James Reimer without a rebound.
4:56 of 3rd period - Ryan Nugent-Hopkins wins face-off versus Matt Stajan in Oilers zone.
5:01 of 3rd period - Matt Stajan is hit by Ryan Nugent-Hopkins and loses puck.
5:13 of 3rd period - Minor Penalty to Ryan Nugent-Hopkins for Roughing.
5:14 of 3rd period - Maxim Lapierre wins face-off versus Matt Stajan in Oilers zone.
7:13 of 3rd period - Penalty to Ryan Nugent-Hopkins is over, Ryan Nugent-Hopkins is back on ice.
7:35 of 3rd period - Danny DeKeiser is hit by Ryan Nugent-Hopkins and loses puck.
9:03 of 3rd period - Thomas Vanek is hit by Jussi Jokinen and loses puck.
9:25 of 3rd period - Kellan Lain is hit by Alex Galchenyuk and loses puck.
10:34 of 3rd period - Icing by Eric Gryba.
10:35 of 3rd period - Matt Stajan wins face-off versus Ryan Nugent-Hopkins in Golden Knights zone.
10:47 of 3rd period - Backhand shot by Rasmus Ristolainen.
10:47 of 3rd period - Shot Misses the Net.
11:01 of 3rd period - Icing by Cam Barker.
11:02 of 3rd period - Yanni Gourde wins face-off versus Andrei Loktionov in Oilers zone.
11:39 of 3rd period - Slapshot by Luke Glendening.
11:39 of 3rd period - Shot Misses the Net.
11:41 of 3rd period - Slapshot by Olli Maatta.
11:41 of 3rd period - Stopped by James Reimer without a rebound.
11:42 of 3rd period - Matt Stajan wins face-off versus Connor McDavid in Oilers zone.
11:57 of 3rd period - Slapshot by Matt Stajan.
11:57 of 3rd period - Stopped by James Reimer with a rebound.
12:13 of 3rd period - Wrist shot by Thomas Vanek.
12:13 of 3rd period - Deflect By Luke Glendening.
12:13 of 3rd period - Deflect By Jussi Jokinen.
12:13 of 3rd period - Goal by Luke Glendening - Oilers : 2 - Golden Knights : 3.
12:14 of 3rd period - Connor McDavid wins face-off versus Andrei Loktionov in neutral zone.
12:28 of 3rd period - Slapshot by Jussi Jokinen.
12:28 of 3rd period - Stopped by Ondrej Pavelec with a rebound.
12:30 of 3rd period - Snap shot by Jussi Jokinen.
12:30 of 3rd period - Shot Misses the Net.
13:00 of 3rd period - Slapshot by Alex Galchenyuk.
13:00 of 3rd period - Deflect By Nail Yakupov.
13:00 of 3rd period - Deflect By Eric Gryba.
13:00 of 3rd period - Shot Misses the Net.
13:00 of 3rd period - Puck is out of play.
13:01 of 3rd period - Maxim Lapierre wins face-off versus Chris Tierney in Golden Knights zone.
13:19 of 3rd period - Icing by Cam Barker.
13:20 of 3rd period - Maxim Lapierre wins face-off versus Nathan Horton in Oilers zone.
13:33 of 3rd period - Wrist shot by Leon Draisaitl.
13:33 of 3rd period - Stopped by Ondrej Pavelec without a rebound.
13:34 of 3rd period - Jussi Jokinen wins face-off versus Andrei Loktionov in Golden Knights zone.
14:28 of 3rd period - Slapshot by Maxim Lapierre.
14:28 of 3rd period - Shot Misses the Net.
14:30 of 3rd period - Slapshot by Maxim Lapierre.
14:30 of 3rd period - Shot Blocked by Eric Gryba.
14:34 of 3rd period - Snap shot by Jake Gardiner.
14:34 of 3rd period - Deflect By Leon Draisaitl.
14:34 of 3rd period - Shot Blocked by Eric Gryba.
14:34 of 3rd period - Puck is out of play.
14:35 of 3rd period - Andrei Loktionov wins face-off versus Connor McDavid in Golden Knights zone.
14:35 of 3rd period - Andrei Loktionov is hit by Rasmus Ristolainen.
14:41 of 3rd period - Slapshot by Danny DeKeiser.
14:41 of 3rd period - Shot Misses the Net.
14:43 of 3rd period - Snap shot by Andrei Loktionov.
14:43 of 3rd period - Shot Blocked by Rasmus Ristolainen.
16:06 of 3rd period - Wrist shot by Damien Brunner.
16:06 of 3rd period - Shot Misses the Net.
16:58 of 3rd period - Slapshot by Darnell Nurse.
16:58 of 3rd period - Stopped by Ondrej Pavelec with a rebound.
17:00 of 3rd period - Slapshot by Dustin Brown.
17:00 of 3rd period - Shot Misses the Net.
17:02 of 3rd period - Wrist shot by Darnell Nurse.
17:02 of 3rd period - Shot Misses the Net.
17:04 of 3rd period - Slapshot by Yanni Gourde.
17:04 of 3rd period - Shot Blocked by Eric Gryba.
17:06 of 3rd period - Wrist shot by Yanni Gourde.
17:06 of 3rd period - Shot Misses the Net.
17:25 of 3rd period - Minor Penalty to Nathan Horton for Hooking.
17:26 of 3rd period - Connor McDavid wins face-off versus Andrei Loktionov in Golden Knights zone.
17:52 of 3rd period - Andrew Cogliano is hit by Alex Galchenyuk and loses puck.
18:27 of 3rd period - Snap shot by Luke Glendening.
18:27 of 3rd period - Stopped by James Reimer without a rebound.
18:28 of 3rd period - Connor McDavid wins face-off versus Luke Glendening in Oilers zone.
19:25 of 3rd period - Penalty to Nathan Horton is over, Nathan Horton is back on ice.
19:36 of 3rd period - Slapshot by Nathan Horton.
19:36 of 3rd period - Deflect By Thomas Vanek.
19:36 of 3rd period - Stopped by James Reimer without a rebound.
19:37 of 3rd period - Todd McLellan call a timeout for Oilers.
19:37 of 3rd period - Thomas Vanek wins face-off versus Connor McDavid in Oilers zone.
Goals for this period are 1 for Oilers vs 1 for Golden Knights.
Shots for this period are 5 for Oilers vs 13 for Golden Knights.